Login

Los Angeles Kings vs Anaheim Ducks (R2)

Created - 01 May 2024 at 23:57

Goals
1 2 3 T
Los Angeles Kings 1 2 2 5
Anaheim Ducks 1 2 0 3
Shots
1 2 3 T
Los Angeles Kings 8 11 20 39
Anaheim Ducks 12 14 2 28

GoalsPenalties
1st period
1. Los Angeles Kings , Adrian Kempe 15 (Mikey Anderson 3) at 9:31
2. Anaheim Ducks , Mason McTavish 5 (Andrew Agozzino 8) at 14:11
Adrian Kempe (LAK) for Holding Stick (Minor) at 7:08
Kevin Fiala (LAK) for High sticking (Minor) at 11:44
2nd period
3. Anaheim Ducks , Alex Killorn 12 (Troy Terry 23, Trevor Zegras 18) at 0:20
4. Anaheim Ducks , Frank Vatrano 4 (Robert Hagg 1) at 1:51
5. Los Angeles Kings , Kevin Fiala 11 (Adrian Kempe 12, Anze Kopitar 14) at 2:01
6. Los Angeles Kings , Adrian Kempe 16 (Kevin Fiala 13, Anze Kopitar 15) at 13:52 (PP)
Trevor Zegras (ANA) for Hooking (Minor) at 12:23
Drew Doughty (LAK) for Cross-checking (Minor) at 14:58
Jacob Moverare (LAK) for Holding (Minor) at 17:18
3rd period
7. Los Angeles Kings , Kevin Fiala 12 (Noah Hanifin 8, Anze Kopitar 16) at 0:16
8. Los Angeles Kings , Phillip Danault 7 (Viktor Arvidsson 13, Mikey Anderson 4) at 9:20
Mikey Anderson (LAK) for Roughing (Minor) at 4:44
Alex Killorn (ANA) for Hooking (Minor) at 13:09
Dmitry Kulikov (ANA) for Interference (Minor) at 18:08
Goalie Stats
Pheonix Copley (LAK), 25 saves from 28 shots - (0.893), W, 3-5-0, 60:00 minutes
John Gibson (ANA), 34 saves from 39 shots - (0.872), L, 12-6-1, 60:00 minutes
3 StarsOfficial
1 - Adrian Kempe (LAK)
2 - Kevin Fiala (LAK)
3 - Phillip Danault (LAK)
Referees : Pierre Lambert and Justin St. Pierre
Linesman : Justin Cornell and Kyle Allen
Game Note
No Game Note
Finance
Level 1 -- Attendance: 6000 (100.00%) -- Ticket Income $600,000
Level 2 -- Attendance: 4644 (92.88%) -- Ticket Income $278,640
Level 3 -- Attendance: 1465 (73.25%) -- Ticket Income $51,275
Level 4 -- Attendance: 3302 (82.55%) -- Ticket Income $82,550
Luxury Box -- Attendance: 889 (88.90%) -- Ticket Income $177,800
Game was played at the Honda Center.
Total Attendance: 16300 (90.56%)
Total Ticket Income: $1,190,265
Other Income: $583,230
Total Income: $1,773,495



Team Name Goals Shots Shots Attemp Shots Blocked PIM HIT PP PK FO%
Los Angeles Kings 53976710221 / 3 (33%)064%
Anaheim Ducks 32855116130 / 5 (0%)136%

Los Angeles Kings
Player Name POS G A P +/- PIM HIT SHT SB MP PP MP PP SHT PK MP PK SHT FO% FOT GA TA
Adrian KempeRW2131218017:562:4710:0000% 010
Andreas AthanasiouLW0000012112:090:0001:4100% 010
Andreas EnglundD000-2000011:420:0001:4500% 000
Anze KopitarC0330024122:512:4715:18071% 4101
Arthur KaliyevLW000-100406:120:0000:0000% 000
Blake LizotteC0000020010:050:0000:00067% 310
Carl GrundstromRW000-101006:120:0000:0000% 000
Drew DoughtyD0001211025:452:1204:1600% 010
Jacob MoverareD000-2200010:280:0000:0500% 000
Kevin FialaLW2130207021:522:4724:02067% 311
Matt RoyD0002012022:503:0704:1200% 002
Mikey AndersonD0222220122:533:0704:1600% 000
Noah HanifinD0111012326:302:1205:1600% 001
Phillip DanaultLW1012044018:442:3202:5200% 100
Quinton ByfieldRW0000031010:050:0000:000100% 100
Sam BennettC0002021019:212:3203:11050% 1000
Tyson JostC000-101016:120:0000:00050% 400
Viktor ArvidssonRW0111003018:132:3212:4600% 100
Anaheim Ducks
Player Name POS G A P +/- PIM HIT SHT SB MP PP MP PP SHT PK MP PK SHT FO% FOT GA TA
Adam HenriqueC0000004120:063:5502:02073% 1101
Alex KillornLW101-2202027:405:4102:0400% 301
Andrew AgozzinoLW0111003111:130:0000:5800% 200
Brendan GallagherRW000000005:340:1900:0000% 000
Brock McGinnLW0000021118:303:5200:1000% 100
Cam FowlerD000-3002228:095:2703:1500% 002
Dmitry KulikovD0000210119:204:2801:2400% 001
Frank VatranoRW1010011018:223:5500:0000% 120
Ilya LyubushkinD0000000120:014:2802:0400% 000
Jakob SilfverbergRW0001011111:250:0001:2700% 100
Mason McTavishC1011014010:530:2200:22050% 400
Michael StoneD0002010012:300:0000:4000% 000
Nathan BeaulieuD000000002:470:0000:0000% 000
Radko GudasD000-3022225:225:2703:1500% 000
Robert HaggD0112000111:500:0000:0000% 000
Ryan StromeC000000005:340:1900:0000% 200
Trevor ZegrasC011-2223021:265:4100:33033% 3920
Troy TerryRW011-2025023:565:4113:0200% 010

Los Angeles Kings

5 vs 5 Forward
Line #Left WingCenterRight WingPHYDFOFWanted %Time %Time Play
1Kevin FialaAnze KopitarAdrian Kempe0234034%15:09
2Phillip DanaultSam BennettViktor Arvidsson0233030%13:20
3Andreas AthanasiouBlake LizotteQuinton Byfield1312023%10:05
4Arthur KaliyevTyson JostCarl Grundstrom1401014%6:12
5 vs 5 Defense
Line #DefenseDefensePHYDFOFWanted %Time %Time Play
1Drew DoughtyNoah Hanifin1224243%19:18
2Matt RoyMikey Anderson1223535%15:31
3Andreas EnglundJacob Moverare1312322%9:57
4Drew DoughtyNoah Hanifin23000%0:00
Power Play Forward
Line #Left WingCenterRight WingPHYDFOFWanted %Time %Time Play
1Kevin FialaAnze KopitarAdrian Kempe1135552%2:47
2Phillip DanaultSam BennettViktor Arvidsson1134548%2:32
Power Play Defense
Line #DefenseDefensePHYDFOFWanted %Time %Time Play
1Drew DoughtyNoah Hanifin1225541%2:12
2Matt RoyMikey Anderson1224559%3:07
Penalty Kill 4 Players Forward
Line #CenterWingPHYDFOFWanted %Time %Time Play
1Anze KopitarKevin Fiala1406071%7:03
2Sam BennettPhillip Danault1404029%2:52
Penalty Kill 4 Players Defense
Line #DefenseDefensePHYDFOFWanted %Time %Time Play
1Drew DoughtyNoah Hanifin2306058%5:43
2Matt RoyMikey Anderson2304042%4:12
Penalty Kill 3 Players
Line #WingPHYDFOFWanted %Time %Time PlayDefenseDefensePHYDFOFWanted %Time %Time Play
1Anze Kopitar140600%0:00 Drew DoughtyNoah Hanifin230600%0:00
2Sam Bennett140400%0:00 Matt RoyMikey Anderson230400%0:00
4 vs 4 Forward
Line #CenterWingPHYDFOFWanted %Time %Time Play
1Anze KopitarKevin Fiala122600%0:00
2Sam BennettPhillip Danault122400%0:00
4 vs 4 Defense
Line #DefensePHYDFOFWanted %Time %Time Play
1Drew DoughtyNoah Hanifin122600%0:00
2Matt RoyMikey Anderson122400%0:00
Last Minutes Offensive
Left WingCenterRight WingDefenseDefense
Kevin FialaAnze KopitarAdrian KempeDrew DoughtyNoah Hanifin
Last Minutes Defensive
Left WingCenterRight WingDefenseDefense
Kevin FialaAnze KopitarAdrian KempeDrew DoughtyNoah Hanifin
Time
Total ForwardTotal DefenseLast Minutes OffensiveLast Minutes Defensive
60:00 60:00 0:000:00
Extra Forwards
Normal PowerPlayPenalty Kill
Viktor Arvidsson, Sam Bennett, Andreas AthanasiouViktor Arvidsson, Sam BennettViktor Arvidsson
Extra Defensemen
Normal PowerPlayPenalty Kill
Mikey Anderson, Andreas Englund, Jacob MoverareMikey Anderson, Mikey AndersonAndreas Englund
Penalty Shots
Anze Kopitar, Adrian Kempe, Kevin Fiala, Phillip Danault, Viktor Arvidsson
Goalie
Pheonix Copley, Joonas Korpisalo
Custom OT Lines Forwards
Anze Kopitar, Adrian Kempe, Kevin Fiala, Phillip Danault, Viktor Arvidsson, Sam Bennett, Andreas Athanasiou, Arthur Kaliyev, Blake Lizotte, Quinton Byfield
Custom OT Lines Defensemen
Drew Doughty, Noah Hanifin, Matt Roy, Mikey Anderson, Andreas Englund
Scratches
Wade Allison (Healthy), Trevor Lewis (Healthy), Kurtis MacDermid (Healthy)

Anaheim Ducks

5 vs 5 Forward
Line #Left WingCenterRight WingPHYDFOFWanted %Time %Time Play
1Alex KillornTrevor ZegrasTroy Terry1224034%15:14
2Brock McGinnAdam HenriqueFrank Vatrano1223032%14:27
3Andrew AgozzinoMason McTavishJakob Silfverberg1222022%9:50
4Alex KillornRyan StromeBrendan Gallagher1221012%5:15
5 vs 5 Defense
Line #DefenseDefensePHYDFOFWanted %Time %Time Play
1Cam FowlerRadko Gudas1224037%16:40
2Dmitry KulikovIlya Lyubushkin1223030%13:29
3Robert HaggMichael Stone1222026%11:50
4Nathan BeaulieuCam Fowler122106%2:47
Power Play Forward
Line #Left WingCenterRight WingPHYDFOFWanted %Time %Time Play
1Alex KillornTrevor ZegrasTroy Terry1226061%6:00
2Brock McGinnAdam HenriqueFrank Vatrano1224039%3:55
Power Play Defense
Line #DefenseDefensePHYDFOFWanted %Time %Time Play
1Cam FowlerRadko Gudas1226055%5:27
2Dmitry KulikovIlya Lyubushkin1224045%4:28
Penalty Kill 4 Players Forward
Line #CenterWingPHYDFOFWanted %Time %Time Play
1Alex KillornTroy Terry1226078%4:10
2Trevor ZegrasAdam Henrique1224022%1:09
Penalty Kill 4 Players Defense
Line #DefenseDefensePHYDFOFWanted %Time %Time Play
1Cam FowlerRadko Gudas1226061%3:15
2Dmitry KulikovIlya Lyubushkin1224039%2:04
Penalty Kill 3 Players
Line #WingPHYDFOFWanted %Time %Time PlayDefenseDefensePHYDFOFWanted %Time %Time Play
1Alex Killorn122600%0:00 Cam FowlerRadko Gudas122600%0:00
2Troy Terry122400%0:00 Dmitry KulikovIlya Lyubushkin122400%0:00
4 vs 4 Forward
Line #CenterWingPHYDFOFWanted %Time %Time Play
1Alex KillornTroy Terry122600%0:00
2Trevor ZegrasAdam Henrique122400%0:00
4 vs 4 Defense
Line #DefensePHYDFOFWanted %Time %Time Play
1Cam FowlerRadko Gudas122600%0:00
2Dmitry KulikovIlya Lyubushkin122400%0:00
Last Minutes Offensive
Left WingCenterRight WingDefenseDefense
Alex KillornTrevor ZegrasTroy TerryCam FowlerRadko Gudas
Last Minutes Defensive
Left WingCenterRight WingDefenseDefense
Alex KillornTrevor ZegrasTroy TerryCam FowlerRadko Gudas
Time
Total ForwardTotal DefenseLast Minutes OffensiveLast Minutes Defensive
60:00 60:00 0:000:00
Extra Forwards
Normal PowerPlayPenalty Kill
Mason McTavish, Ryan Strome, Jakob SilfverbergMason McTavish, Ryan StromeJakob Silfverberg
Extra Defensemen
Normal PowerPlayPenalty Kill
Robert Hagg, Michael Stone, Nathan BeaulieuRobert Hagg, Michael StoneNathan Beaulieu
Penalty Shots
Alex Killorn, Troy Terry, Trevor Zegras, Adam Henrique, Mason McTavish
Goalie
John Gibson, Alex Stalock
Custom OT Lines Forwards
Alex Killorn, Troy Terry, Trevor Zegras, Adam Henrique, Mason McTavish, Frank Vatrano, Ryan Strome, Jakob Silfverberg, Brock McGinn, Andrew Agozzino
Custom OT Lines Defensemen
Cam Fowler, Radko Gudas, Dmitry Kulikov, Ilya Lyubushkin, Robert Hagg
Scratches
Ross Johnston (Healthy), Max Jones (Healthy), Isac Lundestrom (Healthy)


Play-by-Play

1st period


0:01 of 1st period - Anze Kopitar wins face-off versus Trevor Zegras in neutral zone.
0:08 of 1st period - Wrist shot by Kevin Fiala.
0:08 of 1st period - Shot Misses the Net.
0:58 of 1st period - Snap shot by Andrew Agozzino.
0:58 of 1st period - Shot Blocked by Andreas Athanasiou.
1:50 of 1st period - Brock McGinn is hit by Blake Lizotte and loses puck.
2:30 of 1st period - Icing by Jacob Moverare.
2:31 of 1st period - Anze Kopitar wins face-off versus Mason McTavish in Los Angeles Kings zone.
2:31 of 1st period - Anze Kopitar is hit by Jakob Silfverberg.
2:39 of 1st period - Snap shot by Adrian Kempe.
2:39 of 1st period - Stopped by John Gibson with a rebound.
3:45 of 1st period - Wrist shot by Mason McTavish.
3:45 of 1st period - Stopped by Pheonix Copley with a rebound.
3:47 of 1st period - Wrist shot by Jakob Silfverberg.
3:47 of 1st period - Stopped by Pheonix Copley without a rebound.
3:48 of 1st period - Anze Kopitar wins face-off versus Trevor Zegras in Los Angeles Kings zone.
3:57 of 1st period - Snap shot by Anze Kopitar.
3:57 of 1st period - Stopped by John Gibson with a rebound.
4:17 of 1st period - Wrist shot by Viktor Arvidsson.
4:17 of 1st period - Shot Misses the Net.
5:20 of 1st period - Radko Gudas is hit by Noah Hanifin and loses puck.
5:37 of 1st period - Radko Gudas is hit by Phillip Danault and loses puck.
5:59 of 1st period - Icing by Quinton Byfield.
6:00 of 1st period - Quinton Byfield wins face-off versus Ryan Strome in Los Angeles Kings zone.
6:09 of 1st period - Snap shot by Andreas Athanasiou.
6:09 of 1st period - Shot Misses the Net.
6:56 of 1st period - Slapshot by Adrian Kempe.
6:56 of 1st period - Shot Blocked by Brock McGinn.
7:08 of 1st period - Minor Penalty to Adrian Kempe for Holding Stick.
7:09 of 1st period - Trevor Zegras wins face-off versus Anze Kopitar in Los Angeles Kings zone.
7:43 of 1st period - Icing by Brock McGinn.
7:44 of 1st period - Adam Henrique wins face-off versus Sam Bennett in Anaheim Ducks zone.
8:00 of 1st period - Snap shot by Frank Vatrano.
8:00 of 1st period - Shot Misses the Net.
8:44 of 1st period - Slapshot by Troy Terry.
8:44 of 1st period - Shot Misses the Net.
8:46 of 1st period - Snap shot by Troy Terry.
8:46 of 1st period - Stopped by Pheonix Copley with a rebound.
9:08 of 1st period - Penalty to Adrian Kempe is over, Adrian Kempe is back on ice.
9:13 of 1st period - Phillip Danault is hit by Radko Gudas and loses puck.
9:24 of 1st period - Trevor Zegras is hit by Mikey Anderson and loses puck.
9:31 of 1st period - Wrist shot by Adrian Kempe.
9:31 of 1st period - Goal by Adrian Kempe - Los Angeles Kings : 1 - Anaheim Ducks : 0.
9:32 of 1st period - Anze Kopitar wins face-off versus Brock McGinn in neutral zone.
9:35 of 1st period - Wrist shot by Kevin Fiala.
9:35 of 1st period - Shot Misses the Net.
10:32 of 1st period - Slapshot by Andreas Englund.
10:32 of 1st period - Deflect By Arthur Kaliyev.
10:32 of 1st period - Stopped by John Gibson without a rebound.
10:33 of 1st period - Adam Henrique wins face-off versus Tyson Jost in Anaheim Ducks zone.
10:33 of 1st period - Adam Henrique is hit by Carl Grundstrom.
10:36 of 1st period - Icing by Frank Vatrano.
10:37 of 1st period - Adam Henrique wins face-off versus Anze Kopitar in Anaheim Ducks zone.
10:57 of 1st period - Icing by Radko Gudas.
10:58 of 1st period - Adam Henrique wins face-off versus Sam Bennett in Anaheim Ducks zone.
11:08 of 1st period - Slapshot by Cam Fowler.
11:08 of 1st period - Shot Misses the Net.
11:44 of 1st period - Minor Penalty to Kevin Fiala for High sticking.
11:45 of 1st period - Trevor Zegras wins face-off versus Viktor Arvidsson in Los Angeles Kings zone.
11:46 of 1st period - Slapshot by Troy Terry.
11:46 of 1st period - Deflect By Trevor Zegras.
11:46 of 1st period - Shot Blocked by Anze Kopitar.
11:46 of 1st period - Puck is out of play.
11:47 of 1st period - Trevor Zegras wins face-off versus Anze Kopitar in Los Angeles Kings zone.
12:53 of 1st period - Icing by Frank Vatrano.
12:54 of 1st period - Adam Henrique wins face-off versus Sam Bennett in Anaheim Ducks zone.
13:17 of 1st period - Mikey Anderson is hit by Troy Terry and loses puck.
13:28 of 1st period - Matt Roy is hit by Dmitry Kulikov and loses puck.
13:44 of 1st period - Penalty to Kevin Fiala is over, Kevin Fiala is back on ice.
14:01 of 1st period - Snap shot by Andrew Agozzino.
14:01 of 1st period - Stopped by Pheonix Copley without a rebound.
14:02 of 1st period - Mason McTavish wins face-off versus Tyson Jost in Los Angeles Kings zone.
14:11 of 1st period - Snap shot by Mason McTavish.
14:11 of 1st period - Goal by Mason McTavish - Los Angeles Kings : 1 - Anaheim Ducks : 1.
14:12 of 1st period - Anze Kopitar wins face-off versus Trevor Zegras in neutral zone.
14:17 of 1st period - Snap shot by Trevor Zegras.
14:17 of 1st period - Stopped by Pheonix Copley without a rebound.
14:18 of 1st period - Anze Kopitar wins face-off versus Trevor Zegras in Los Angeles Kings zone.
14:23 of 1st period - Alex Killorn is hit by Anze Kopitar and loses puck.
14:30 of 1st period - Slapshot by Adrian Kempe.
14:30 of 1st period - Shot Misses the Net.
14:32 of 1st period - Snap shot by Drew Doughty.
14:32 of 1st period - Stopped by John Gibson with a rebound.
14:34 of 1st period - Snap shot by Kevin Fiala.
14:34 of 1st period - Shot Misses the Net.
15:12 of 1st period - Wrist shot by Andrew Agozzino.
15:12 of 1st period - Stopped by Pheonix Copley with a rebound.
15:26 of 1st period - Snap shot by Cam Fowler.
15:26 of 1st period - Stopped by Pheonix Copley with a rebound.
15:28 of 1st period - Slapshot by Robert Hagg.
15:28 of 1st period - Deflect By Alex Killorn.
15:28 of 1st period - Shot Misses the Net.
15:28 of 1st period - Puck is out of play.
15:29 of 1st period - Anze Kopitar wins face-off versus Ryan Strome in Los Angeles Kings zone.
16:30 of 1st period - Snap shot by Mason McTavish.
16:30 of 1st period - Shot Misses the Net.
16:39 of 1st period - Off-side.
16:40 of 1st period - Anze Kopitar wins face-off versus Trevor Zegras in neutral zone.
16:50 of 1st period - Wrist shot by Kevin Fiala.
16:50 of 1st period - Shot Blocked by Cam Fowler.
17:14 of 1st period - Slapshot by Cam Fowler.
17:14 of 1st period - Shot Misses the Net.
17:16 of 1st period - Backhand shot by Radko Gudas.
17:16 of 1st period - Stopped by Pheonix Copley without a rebound.
17:17 of 1st period - Anze Kopitar wins face-off versus Trevor Zegras in Los Angeles Kings zone.
17:24 of 1st period - Wrist shot by Anze Kopitar.
17:24 of 1st period - Stopped by John Gibson with a rebound.
17:49 of 1st period - Wrist shot by Cam Fowler.
17:49 of 1st period - Shot Blocked by Mikey Anderson.
17:58 of 1st period - Off-side.
17:59 of 1st period - Blake Lizotte wins face-off versus Trevor Zegras in neutral zone.
18:06 of 1st period - Slapshot by Noah Hanifin.
18:06 of 1st period - Stopped by John Gibson without a rebound.
18:07 of 1st period - Blake Lizotte wins face-off versus Trevor Zegras in Anaheim Ducks zone.
18:10 of 1st period - Slapshot by Andreas Athanasiou.
18:10 of 1st period - Shot Blocked by Ilya Lyubushkin.
18:34 of 1st period - Slapshot by Troy Terry.
18:34 of 1st period - Stopped by Pheonix Copley with a rebound.
18:36 of 1st period - Snap shot by Trevor Zegras.
18:36 of 1st period - Shot Misses the Net.
18:38 of 1st period - Snap shot by Trevor Zegras.
18:38 of 1st period - Shot Misses the Net.
18:40 of 1st period - Slapshot by Ilya Lyubushkin.
18:40 of 1st period - Shot Misses the Net.
18:58 of 1st period - Wrist shot by Troy Terry.
18:58 of 1st period - Stopped by Pheonix Copley with a rebound.
19:14 of 1st period - Troy Terry is hit by Quinton Byfield and loses puck.
19:43 of 1st period - Snap shot by Andreas Athanasiou.
19:43 of 1st period - Stopped by John Gibson with a rebound.
19:51 of 1st period - Snap shot by Troy Terry.
19:51 of 1st period - Shot Misses the Net.
19:53 of 1st period - Wrist shot by Alex Killorn.
19:53 of 1st period - Stopped by Pheonix Copley with a rebound.
19:55 of 1st period - Slapshot by Alex Killorn.
19:55 of 1st period - Shot Misses the Net.
19:57 of 1st period - Snap shot by Troy Terry.
19:57 of 1st period - Shot Blocked by Noah Hanifin.
Goals for this period are 1 for Los Angeles Kings vs 1 for Anaheim Ducks.
Shots for this period are 8 for Los Angeles Kings vs 12 for Anaheim Ducks.

2nd period


0:01 of 2nd period - Trevor Zegras wins face-off versus Anze Kopitar in neutral zone.
0:08 of 2nd period - Slapshot by Cam Fowler.
0:08 of 2nd period - Deflect By Alex Killorn.
0:08 of 2nd period - Shot Misses the Net.
0:08 of 2nd period - Puck is out of play.
0:09 of 2nd period - Trevor Zegras wins face-off versus Kevin Fiala in Los Angeles Kings zone.
0:10 of 2nd period - Snap shot by Troy Terry.
0:10 of 2nd period - Shot Misses the Net.
0:12 of 2nd period - Snap shot by Radko Gudas.
0:12 of 2nd period - Shot Misses the Net.
0:16 of 2nd period - Wrist shot by Trevor Zegras.
0:16 of 2nd period - Shot Misses the Net.
0:18 of 2nd period - Wrist shot by Troy Terry.
0:18 of 2nd period - Stopped by Pheonix Copley with a rebound.
0:20 of 2nd period - Wrist shot by Alex Killorn.
0:20 of 2nd period - Goal by Alex Killorn - Los Angeles Kings : 1 - Anaheim Ducks : 2.
0:21 of 2nd period - Trevor Zegras wins face-off versus Anze Kopitar in neutral zone.
0:58 of 2nd period - Wrist shot by Cam Fowler.
0:58 of 2nd period - Shot Misses the Net.
1:16 of 2nd period - Jacob Moverare is hit by Michael Stone and loses puck.
1:51 of 2nd period - Snap shot by Frank Vatrano.
1:51 of 2nd period - Goal by Frank Vatrano - Los Angeles Kings : 1 - Anaheim Ducks : 3.
1:52 of 2nd period - Anze Kopitar wins face-off versus Trevor Zegras in neutral zone.
1:59 of 2nd period - Wrist shot by Kevin Fiala.
1:59 of 2nd period - Stopped by John Gibson with a rebound.
2:01 of 2nd period - Wrist shot by Kevin Fiala.
2:01 of 2nd period - Goal by Kevin Fiala - Los Angeles Kings : 2 - Anaheim Ducks : 3.
2:02 of 2nd period - Anze Kopitar wins face-off versus Trevor Zegras in neutral zone.
2:13 of 2nd period - Wrist shot by Kevin Fiala.
2:13 of 2nd period - Shot Blocked by Radko Gudas.
2:17 of 2nd period - Snap shot by Kevin Fiala.
2:17 of 2nd period - Stopped by John Gibson without a rebound.
2:18 of 2nd period - Adam Henrique wins face-off versus Sam Bennett in Anaheim Ducks zone.
2:27 of 2nd period - Wrist shot by Viktor Arvidsson.
2:27 of 2nd period - Shot Misses the Net.
2:29 of 2nd period - Wrist shot by Phillip Danault.
2:29 of 2nd period - Stopped by John Gibson without a rebound.
2:30 of 2nd period - Trevor Zegras wins face-off versus Anze Kopitar in Anaheim Ducks zone.
2:30 of 2nd period - Cam Fowler is hit by Mikey Anderson and loses puck.
2:37 of 2nd period - Kevin Fiala is hit by Trevor Zegras and loses puck.
2:45 of 2nd period - Wrist shot by Troy Terry.
2:45 of 2nd period - Shot Misses the Net.
2:47 of 2nd period - Slapshot by Cam Fowler.
2:47 of 2nd period - Stopped by Pheonix Copley without a rebound.
2:48 of 2nd period - Sam Bennett wins face-off versus Adam Henrique in Los Angeles Kings zone.
3:19 of 2nd period - Wrist shot by Trevor Zegras.
3:19 of 2nd period - Stopped by Pheonix Copley without a rebound.
3:20 of 2nd period - Anze Kopitar wins face-off versus Trevor Zegras in Los Angeles Kings zone.
5:10 of 2nd period - Slapshot by Andrew Agozzino.
5:10 of 2nd period - Deflect By Mason McTavish.
5:10 of 2nd period - Stopped by Pheonix Copley with a rebound.
5:26 of 2nd period - Snap shot by Viktor Arvidsson.
5:26 of 2nd period - Shot Blocked by Robert Hagg.
5:38 of 2nd period - Wrist shot by Arthur Kaliyev.
5:38 of 2nd period - Shot Misses the Net.
6:24 of 2nd period - Blake Lizotte is hit by Frank Vatrano and loses puck.
7:00 of 2nd period - Dmitry Kulikov is hit by Sam Bennett and loses puck.
7:17 of 2nd period - Ryan Strome is hit by Adrian Kempe and loses puck.
7:36 of 2nd period - Snap shot by Adam Henrique.
7:36 of 2nd period - Shot Blocked by Noah Hanifin.
7:38 of 2nd period - Slapshot by Brock McGinn.
7:38 of 2nd period - Shot Blocked by Tyson Jost.
7:40 of 2nd period - Snap shot by Frank Vatrano.
7:40 of 2nd period - Shot Blocked by Noah Hanifin.
7:42 of 2nd period - Slapshot by Adam Henrique.
7:42 of 2nd period - Stopped by Pheonix Copley with a rebound.
7:44 of 2nd period - Wrist shot by Adam Henrique.
7:44 of 2nd period - Stopped by Pheonix Copley without a rebound.
7:45 of 2nd period - Anze Kopitar wins face-off versus Adam Henrique in Los Angeles Kings zone.
8:00 of 2nd period - Backhand shot by Adam Henrique.
8:00 of 2nd period - Stopped by Pheonix Copley with a rebound.
8:02 of 2nd period - Slapshot by Radko Gudas.
8:02 of 2nd period - Stopped by Pheonix Copley without a rebound.
8:03 of 2nd period - Sam Bennett wins face-off versus Andrew Agozzino in Los Angeles Kings zone.
8:30 of 2nd period - Frank Vatrano is hit by Anze Kopitar and loses puck.
9:13 of 2nd period - Robert Hagg is hit by Blake Lizotte and loses puck.
9:20 of 2nd period - Slapshot by Andreas Athanasiou.
9:20 of 2nd period - Shot Misses the Net.
9:22 of 2nd period - Snap shot by Quinton Byfield.
9:22 of 2nd period - Stopped by John Gibson with a rebound.
9:24 of 2nd period - Snap shot by Quinton Byfield.
9:24 of 2nd period - Shot Misses the Net.
9:26 of 2nd period - Slapshot by Mikey Anderson.
9:26 of 2nd period - Shot Misses the Net.
10:25 of 2nd period - Snap shot by Troy Terry.
10:25 of 2nd period - Stopped by Pheonix Copley with a rebound.
10:46 of 2nd period - Snap shot by Adrian Kempe.
10:46 of 2nd period - Stopped by John Gibson with a rebound.
11:04 of 2nd period - Slapshot by Drew Doughty.
11:04 of 2nd period - Deflect By Arthur Kaliyev.
11:04 of 2nd period - Shot Misses the Net.
11:04 of 2nd period - Puck is out of play.
11:05 of 2nd period - Tyson Jost wins face-off versus Trevor Zegras in Anaheim Ducks zone.
11:06 of 2nd period - Snap shot by Arthur Kaliyev.
11:06 of 2nd period - Shot Misses the Net.
11:38 of 2nd period - Snap shot by Mason McTavish.
11:38 of 2nd period - Stopped by Pheonix Copley without a rebound.
11:39 of 2nd period - Anze Kopitar wins face-off versus Frank Vatrano in Los Angeles Kings zone.
11:50 of 2nd period - Snap shot by Adrian Kempe.
11:50 of 2nd period - Stopped by John Gibson with a rebound.
12:12 of 2nd period - Troy Terry is hit by Drew Doughty and loses puck.
12:23 of 2nd period - Minor Penalty to Trevor Zegras for Hooking.
12:24 of 2nd period - Anze Kopitar wins face-off versus Alex Killorn in Anaheim Ducks zone.
13:11 of 2nd period - Adam Henrique is hit by Phillip Danault and loses puck.
13:22 of 2nd period - Wrist shot by Sam Bennett.
13:22 of 2nd period - Shot Blocked by Adam Henrique.
13:24 of 2nd period - Slapshot by Mikey Anderson.
13:24 of 2nd period - Shot Misses the Net.
13:26 of 2nd period - Slapshot by Viktor Arvidsson.
13:26 of 2nd period - Stopped by John Gibson with a rebound.
13:32 of 2nd period - Snap shot by Phillip Danault.
13:32 of 2nd period - Shot Misses the Net.
13:34 of 2nd period - Snap shot by Matt Roy.
13:34 of 2nd period - Shot Blocked by Jakob Silfverberg.
13:38 of 2nd period - Snap shot by Viktor Arvidsson.
13:38 of 2nd period - Shot Blocked by Dmitry Kulikov.
13:40 of 2nd period - Slapshot by Mikey Anderson.
13:40 of 2nd period - Deflect By Viktor Arvidsson.
13:40 of 2nd period - Shot Misses the Net.
13:40 of 2nd period - Puck is out of play.
13:41 of 2nd period - Kevin Fiala wins face-off versus Alex Killorn in Anaheim Ducks zone.
13:50 of 2nd period - Wrist shot by Kevin Fiala.
13:50 of 2nd period - Stopped by John Gibson with a rebound.
13:52 of 2nd period - Snap shot by Adrian Kempe.
13:52 of 2nd period - Goal by Adrian Kempe - Los Angeles Kings : 3 - Anaheim Ducks : 3.
13:53 of 2nd period - Anze Kopitar wins face-off versus Trevor Zegras in neutral zone.
14:20 of 2nd period - Drew Doughty is hit by Mason McTavish and loses puck.
14:27 of 2nd period - Wrist shot by Andrew Agozzino.
14:27 of 2nd period - Stopped by Pheonix Copley without a rebound.
14:28 of 2nd period - Sam Bennett wins face-off versus Trevor Zegras in Los Angeles Kings zone.
14:39 of 2nd period - Wrist shot by Trevor Zegras.
14:39 of 2nd period - Stopped by Pheonix Copley with a rebound.
14:41 of 2nd period - Backhand shot by Dmitry Kulikov.
14:41 of 2nd period - Deflect By Troy Terry.
14:41 of 2nd period - Shot Misses the Net.
14:41 of 2nd period - Puck is out of play.
14:42 of 2nd period - Trevor Zegras wins face-off versus Anze Kopitar in Los Angeles Kings zone.
14:58 of 2nd period - Minor Penalty to Drew Doughty for Cross-checking.
14:59 of 2nd period - Trevor Zegras wins face-off versus Anze Kopitar in Los Angeles Kings zone.
16:58 of 2nd period - Penalty to Drew Doughty is over, Drew Doughty is back on ice.
17:11 of 2nd period - Wrist shot by Arthur Kaliyev.
17:11 of 2nd period - Stopped by John Gibson without a rebound.
17:12 of 2nd period - Tyson Jost wins face-off versus Mason McTavish in Anaheim Ducks zone.
17:18 of 2nd period - Minor Penalty to Jacob Moverare for Holding.
17:19 of 2nd period - Anze Kopitar wins face-off versus Trevor Zegras in Los Angeles Kings zone.
17:19 of 2nd period - Anze Kopitar is hit by Troy Terry.
19:14 of 2nd period - Ilya Lyubushkin is hit by Phillip Danault and loses puck.
19:18 of 2nd period - Penalty to Jacob Moverare is over, Jacob Moverare is back on ice.
19:50 of 2nd period - Michael Stone is hit by Quinton Byfield and loses puck.
Goals for this period are 2 for Los Angeles Kings vs 2 for Anaheim Ducks.
Shots for this period are 11 for Los Angeles Kings vs 14 for Anaheim Ducks.

3rd period


0:01 of 3rd period - Anze Kopitar wins face-off versus Trevor Zegras in neutral zone.
0:08 of 3rd period - Snap shot by Kevin Fiala.
0:08 of 3rd period - Shot Blocked by Radko Gudas.
0:10 of 3rd period - Snap shot by Anze Kopitar.
0:10 of 3rd period - Shot Misses the Net.
0:12 of 3rd period - Slapshot by Noah Hanifin.
0:12 of 3rd period - Shot Misses the Net.
0:14 of 3rd period - Snap shot by Kevin Fiala.
0:14 of 3rd period - Shot Misses the Net.
0:16 of 3rd period - Slapshot by Noah Hanifin.
0:16 of 3rd period - Deflect By Kevin Fiala.
0:16 of 3rd period - Goal by Kevin Fiala - Los Angeles Kings : 4 - Anaheim Ducks : 3.
0:17 of 3rd period - Kevin Fiala wins face-off versus Trevor Zegras in neutral zone.
0:53 of 3rd period - Mikey Anderson is hit by Brock McGinn and loses puck.
2:14 of 3rd period - Snap shot by Adam Henrique.
2:14 of 3rd period - Stopped by Pheonix Copley without a rebound.
2:15 of 3rd period - Sam Bennett wins face-off versus Adam Henrique in Los Angeles Kings zone.
2:42 of 3rd period - Drew Doughty is hit by Brock McGinn and loses puck.
2:57 of 3rd period - Slapshot by Phillip Danault.
2:57 of 3rd period - Stopped by John Gibson with a rebound.
4:07 of 3rd period - Snap shot by Viktor Arvidsson.
4:07 of 3rd period - Stopped by John Gibson without a rebound.
4:08 of 3rd period - Trevor Zegras wins face-off versus Anze Kopitar in Anaheim Ducks zone.
4:19 of 3rd period - Slapshot by Anze Kopitar.
4:19 of 3rd period - Stopped by John Gibson without a rebound.
4:20 of 3rd period - Anze Kopitar wins face-off versus Trevor Zegras in Anaheim Ducks zone.
4:32 of 3rd period - Off-side.
4:33 of 3rd period - Anze Kopitar wins face-off versus Trevor Zegras in neutral zone.
4:44 of 3rd period - Minor Penalty to Mikey Anderson for Roughing.
4:45 of 3rd period - Trevor Zegras wins face-off versus Anze Kopitar in Los Angeles Kings zone.
4:47 of 3rd period - Snap shot by Troy Terry.
4:47 of 3rd period - Shot Misses the Net.
5:47 of 3rd period - Matt Roy is hit by Trevor Zegras and loses puck.
6:44 of 3rd period - Penalty to Mikey Anderson is over, Mikey Anderson is back on ice.
7:52 of 3rd period - Adam Henrique is hit by Quinton Byfield and loses puck.
8:07 of 3rd period - Snap shot by Arthur Kaliyev.
8:07 of 3rd period - Stopped by John Gibson with a rebound.
8:23 of 3rd period - Wrist shot by Sam Bennett.
8:23 of 3rd period - Stopped by John Gibson without a rebound.
8:24 of 3rd period - Sam Bennett wins face-off versus Andrew Agozzino in Anaheim Ducks zone.
8:39 of 3rd period - Snap shot by Viktor Arvidsson.
8:39 of 3rd period - Stopped by John Gibson with a rebound.
8:43 of 3rd period - Slapshot by Phillip Danault.
8:43 of 3rd period - Deflect By Ryan Strome.
8:43 of 3rd period - Shot Misses the Net.
8:43 of 3rd period - Puck is out of play.
8:44 of 3rd period - Anze Kopitar wins face-off versus Trevor Zegras in Anaheim Ducks zone.
8:48 of 3rd period - Off-side.
8:49 of 3rd period - Anze Kopitar wins face-off versus Trevor Zegras in neutral zone.
9:02 of 3rd period - Slapshot by Adrian Kempe.
9:02 of 3rd period - Stopped by John Gibson with a rebound.
9:06 of 3rd period - Wrist shot by Adrian Kempe.
9:06 of 3rd period - Shot Misses the Net.
9:20 of 3rd period - Wrist shot by Phillip Danault.
9:20 of 3rd period - Goal by Phillip Danault - Los Angeles Kings : 5 - Anaheim Ducks : 3.
9:21 of 3rd period - Trevor Zegras wins face-off versus Anze Kopitar in neutral zone.
9:30 of 3rd period - Slapshot by Kevin Fiala.
9:30 of 3rd period - Stopped by John Gibson with a rebound.
9:48 of 3rd period - Cam Fowler is hit by Sam Bennett and loses puck.
10:26 of 3rd period - Jakob Silfverberg is hit by Matt Roy and loses puck.
10:57 of 3rd period - Snap shot by Andreas Athanasiou.
10:57 of 3rd period - Stopped by John Gibson with a rebound.
10:59 of 3rd period - Slapshot by Matt Roy.
10:59 of 3rd period - Stopped by John Gibson without a rebound.
11:00 of 3rd period - Anze Kopitar wins face-off versus Trevor Zegras in Anaheim Ducks zone.
11:03 of 3rd period - Snap shot by Adrian Kempe.
11:03 of 3rd period - Stopped by John Gibson with a rebound.
11:07 of 3rd period - Backhand shot by Kevin Fiala.
11:07 of 3rd period - Shot Misses the Net.
12:30 of 3rd period - Slapshot by Viktor Arvidsson.
12:30 of 3rd period - Deflect By Phillip Danault.
12:30 of 3rd period - Shot Blocked by Cam Fowler.
12:30 of 3rd period - Puck is out of play.
12:31 of 3rd period - Adam Henrique wins face-off versus Phillip Danault in Anaheim Ducks zone.
12:36 of 3rd period - Snap shot by Brock McGinn.
12:36 of 3rd period - Stopped by Pheonix Copley with a rebound.
12:44 of 3rd period - Slapshot by Noah Hanifin.
12:44 of 3rd period - Stopped by John Gibson with a rebound.
12:46 of 3rd period - Wrist shot by Phillip Danault.
12:46 of 3rd period - Stopped by John Gibson without a rebound.
12:47 of 3rd period - Trevor Zegras wins face-off versus Anze Kopitar in Anaheim Ducks zone.
13:00 of 3rd period - Drew Doughty is hit by Radko Gudas and loses puck.
13:09 of 3rd period - Minor Penalty to Alex Killorn for Hooking.
13:10 of 3rd period - Anze Kopitar wins face-off versus Jakob Silfverberg in Anaheim Ducks zone.
13:27 of 3rd period - Slapshot by Drew Doughty.
13:27 of 3rd period - Shot Misses the Net.
13:37 of 3rd period - Troy Terry is hit by Phillip Danault and loses puck.
15:09 of 3rd period - Penalty to Alex Killorn is over, Alex Killorn is back on ice.
15:54 of 3rd period - Frank Vatrano is hit by Andreas Athanasiou and loses puck.
16:13 of 3rd period - Alex Killorn is hit by Tyson Jost.
16:17 of 3rd period - Slapshot by Drew Doughty.
16:17 of 3rd period - Deflect By Arthur Kaliyev.
16:17 of 3rd period - Stopped by John Gibson with a rebound.
16:24 of 3rd period - Icing by Mason McTavish.
16:25 of 3rd period - Mason McTavish wins face-off versus Blake Lizotte in Anaheim Ducks zone.
16:52 of 3rd period - Slapshot by Viktor Arvidsson.
16:52 of 3rd period - Shot Misses the Net.
16:54 of 3rd period - Slapshot by Matt Roy.
16:54 of 3rd period - Shot Misses the Net.
16:56 of 3rd period - Slapshot by Mikey Anderson.
16:56 of 3rd period - Shot Blocked by Andrew Agozzino.
16:58 of 3rd period - Snap shot by Phillip Danault.
16:58 of 3rd period - Shot Misses the Net.
17:00 of 3rd period - Slapshot by Matt Roy.
17:00 of 3rd period - Stopped by John Gibson without a rebound.
17:01 of 3rd period - Anze Kopitar wins face-off versus Trevor Zegras in Anaheim Ducks zone.
17:02 of 3rd period - Snap shot by Adrian Kempe.
17:02 of 3rd period - Stopped by John Gibson without a rebound.
17:03 of 3rd period - Anze Kopitar wins face-off versus Trevor Zegras in Anaheim Ducks zone.
17:49 of 3rd period - Off-side.
17:50 of 3rd period - Adam Henrique wins face-off versus Sam Bennett in neutral zone.
18:08 of 3rd period - Minor Penalty to Dmitry Kulikov for Interference.
18:09 of 3rd period - Anze Kopitar wins face-off versus Alex Killorn in Anaheim Ducks zone.
18:24 of 3rd period - Snap shot by Kevin Fiala.
18:24 of 3rd period - Stopped by John Gibson with a rebound.
18:26 of 3rd period - Wrist shot by Anze Kopitar.
18:26 of 3rd period - Stopped by John Gibson with a rebound.
18:41 of 3rd period - Off-side.
18:42 of 3rd period - Anze Kopitar wins face-off versus Trevor Zegras in neutral zone.
19:55 of 3rd period - Slapshot by Troy Terry.
19:55 of 3rd period - Shot Misses the Net.
19:58 of 3rd period - Icing by Drew Doughty.
19:59 of 3rd period - Anze Kopitar wins face-off versus Trevor Zegras in Los Angeles Kings zone.
Goals for this period are 2 for Los Angeles Kings vs 0 for Anaheim Ducks.
Shots for this period are 20 for Los Angeles Kings vs 2 for Anaheim Ducks.